[Event "Early-Titled-Tuesday-Blitz-October-10-2023"]
[Site "Chess.com"]
[Date "2023.10.10"]
[Round "6"]
[White "BlueWizzard"]
[Black "Man-Chuk"]
[Result "1/2-1/2"]
[WhiteElo "2918"]
[BlackElo "2765"]
[TimeControl "180+1"]
[EndTime "9:05:14 PDT"]
[Termination "Game drawn by repetition"]

1. d4 Nf6 2. Nc3 d5 3. Bg5 Bf5 4. h4 h6 5. Bf4 e6 6. f3 Bd6 7.
Qd2 Bxf4 8. Qxf4 Qd6 9. Qxd6 cxd6 10.
g4 Bxc2 11. Rc1 Bh7 12. Nxd5 Na6 13. Nxf6+ gxf6 14. e4 O-O 15. Bxa6 bxa6 16. Ne2 Rab8 17. b3 Rfd8 18. Nf4 Rb4 19. Nh5 Rxd4 20. Rc7 Bg6 21. Nxf6+ Kg7 22. Nh5+ Bxh5 23. gxh5 a5 24. Ke2 a4 25. Rxa7 axb3 26. Rg1+ Kf6 27. axb3 Rb8 28. Rc1 Rxb3 29. Rcc7 Ke5 30. Ra5+ Kf4 31. Rxf7+ Kg3 32.
Rg7+ Kh3 33. Ra1 Kh2 34. Ra2 e5 35. Kf2 Rb1 36. Rg6 Kh3 37. Rg3+ Kxh4 38. Rg4+ Kh3 39.
Ke3 Re1+ 40. Re2 Red1 41. Rg6 R4d3+ 42. Kf2 Rh1 43. Rg3+ Kh4 44. Kg2 Rdd1 45. Rg4+ Kxh5 46. Kf2 Rdf1+ 47. Ke3 Re1 48. Kf2 Rxe2+ 49. Kxe2 Rb1 50. Ke3 Rb3+ 51. Ke2 Rb2+ 52. Ke3 Rb3+ 53. Kf2 Rb4 54. Ke3 Rb3+ 1/2-1/2

[Event "Early-Titled-Tuesday-Blitz-October-10-2023"]
[Site "Chess.com"]
[Date "2023.10.10"]
[Round "6"]
[White "Russian_berezka"]
[Black "Zq1"]
[Result "1-0"]
[WhiteElo "2653"]
[BlackElo "2513"]
[TimeControl "180+1"]
[EndTime "9:05:14 PDT"]
[Termination "Russian_berezka won on time"]

1. d4 Nf6 2. c4 a6 3. Nc3 c5 4. dxc5 e6 5. Na4 Ne4 6. a3 Nxc5 7. Nxc5 Bxc5 8. Nf3 b5 9. b4 Be7 10. e3 bxc4 11. Bxc4 O-O 12. Bb2 a5 13. O-O d5 14.
Bd3 Bf6 15. Nd4 axb4 16. axb4 Rxa1 17. Qxa1 Qb6 18. b5 Bb7 19. Rc1 Nd7 20. Qa3 Ra8 21. Qb4 g6 22. h3 Ne5 23. Bf1 Nd7 24. Ra1 Rxa1 25. Bxa1 e5 26. Nb3 Kg7 27. Bc3 h5 28. Qa5 Qxa5 29. Bxa5 d4 30. Bc4 dxe3 31. fxe3 e4 32.
Bc7 Ne5 33. Na5 Nxc4 34. Nxc4 Bd5 35. Nb6 Bb7 36. Nd7 Bc3 37. Nc5 Bd5 38. b6 Ba5 39.
Kf2 f6 40. Ke2 Kf7 41. g4 hxg4 42. hxg4 f5 43. gxf5 gxf5 44. Kf2 Ke7 45. Kg3 Kf6 46. Bd8+ Ke5 47. b7 Bxb7 48. Bxa5 1-0

[Event "Early-Titled-Tuesday-Blitz-October-10-2023"]
[Site "Chess.com"]
[Date "2023.10.10"]
[Round "6"]
[White "AnaKuchava"]
[Black "JohnnyAnto"]
[Result "1-0"]
[WhiteElo "2262"]
[BlackElo "2410"]
[TimeControl "180+1"]
[EndTime "9:05:14 PDT"]
[Termination "AnaKuchava won by checkmate"]

1. d4 Nf6 2. Nf3 e6 3. c4 b6 4. a3 Bb7 5. Nc3 d5 6. cxd5 Nxd5 7. e3 Be7 8. Bd3 Nxc3 9. bxc3 Nd7 10. O-O c5 11. Qe2 O-O 12. e4 Re8 13. Bb2 Qc7 14. Rac1 Rac8 15. Rfd1 Qf4 16. Qe3 Qxe3 17. fxe3 c4 18. Bc2 e5 19. a4 Bc6 20. Ra1 f6 21.
Ba3 Kf7 22. Bxe7 Kxe7 23. Nh4 g6 24. Rf1 a6 25. Kf2 Kd6 26. Rfe1 Re7 27. Nf3 Rce8 28. Nd2 b5 29. axb5 Bxb5 30. Ba4 Nb6 31. Bxb5 axb5 32.
Ra5 f5 33. Rxb5 Kc6 34. Rc5+ Kb7 35. exf5 exd4 36. cxd4 Nd7 37. Rxc4 gxf5 38. Rb1+ Nb6 39. Rcb4 Re6 40. Nc4 Kc7 41. Rxb6 Rxb6 42. Rxb6 f4 43.
exf4 Re4 44. Rd6 Rxf4+ 45. Ke3 Rf1 46. Rh6 Rf7 47. Ne5 Rg7 48. g4 Kd8 49. Kf4 Ke7 50. h4 Kd8 51. g5 Ke7 52. h5 Kf8 53. g6 hxg6 54. hxg6 Kg8 55. Kg5 Ra7 56. Rh7 Ra1 57. Rd7 Rg1+ 58. Ng4 Re1 59. g7 Rg1 60. d5 Rg2 61. d6 Rg1 62. Re7 Rd1 63. Nf6# 1-0

[Event "Early-Titled-Tuesday-Blitz-October-10-2023"]
[Site "Chess.com"]
[Date "2023.10.10"]
[Round "6"]
[White "frederiksvane"]
[Black "FairChess_on_YouTube"]
[Result "1/2-1/2"]
[WhiteElo "2900"]
[BlackElo "3056"]
[TimeControl "180+1"]
[EndTime "9:05:15 PDT"]
[Termination "Game drawn by stalemate"]

1. c4 e6 2. g3 d5 3. Bg2 Nf6 4. Nf3 Be7 5. O-O O-O 6. d4 dxc4 7. Qc2 b5 8. a4 Bb7 9. axb5 a6 10. Nc3 axb5 11.
Rxa8 Bxa8 12. Nxb5 Bd5 13. Nc3 Nc6 14. Rd1 Bxf3 15.
exf3 Nxd4 16. Qa4 c5 17. Qxc4 Qb8 18. f4 g6 19. Ne2 Qb4 20. Qa6 Qb3 21. Rf1 Nf3+ 22.
Kh1 Ne4 23. Nc3 Nxc3 24. Bxf3 Na2 25. Qe2 Nxc1 26. Rxc1 Rb8 27. Rc2 Bf6 28. Rxc5 Qxb2 29. Rc2 Qa1+ 30. Kg2 Kg7 31. Qd1 Rb1 32. Qe2 Rg1+ 33.
Kh3 Qa5 34. Rd2 h5 35. Be4 h4 36. Rd1 Rxd1 37. Qxd1 Qb4 38. Qe2 Qc5 39. Kg2 Bd4 40. gxh4 Bf6 41. Qg4 Qh5 42. Qxh5 gxh5 43. f5 Bxh4 44.
fxe6 fxe6 45. Bf3 Bxf2 46. Kxf2 h4 47. Bg4 e5 48. Ke3 e4 49. Kxe4 h3 50. Kf3 Kh8 51. Bxh3 Kg8 52. Bf5 Kh8 53. Kg4 Kg8 54. Kg5 Kh8 55.
h4 Kg8 56. h5 Kh8 57. h6 Kg8 58. h7+ Kh8 59. Kh6 1/2-1/2

[Event "Early-Titled-Tuesday-Blitz-October-10-2023"]
[Site "Chess.com"]
[Date "2023.10.10"]
[Round "6"]
[White "Mikhail_Bryakin"]
[Black "SaqoChess_Twitch"]
[Result "0-1"]
[WhiteElo "2785"]
[BlackElo "2638"]
[TimeControl "180+1"]
[EndTime "9:05:15 PDT"]
[Termination "SaqoChess_Twitch won on time"]

1. e4 c5 2. d4 cxd4 3. Qxd4 Nc6 4.
Qd3 d6 5. Nf3 Nf6 6. Nc3 g6 7. Be2 Bg7 8. O-O O-O 9. Nd5 Nxd5 10. exd5 Nb4 11. Qb3 a5 12. c3 Na6 13. Bg5 h6 14.
Bh4 Nc5 15. Qd1 Bf5 16. Nd4 Be4 17. Bf3 Qd7 18. Re1 Bxf3 19. Qxf3 g5 20. Bg3 f5 21. h3 f4 22. Bh2 Rae8 23. Ne6 Nxe6 24. Rxe6 Rf6 25.
Rae1 Rxe6 26. Rxe6 Qb5 27. b3 a4 28. c4 Qb4 29. g4 axb3 30. axb3 Qd2 31. h4 Bf6 32. hxg5 hxg5 33. Qe4 Qd1+ 34. Kg2 Qxg4+ 35. Bg3 Kg7 36. c5 Rh8 37. Rxe7+ Bxe7 38. Qxe7+ Kg6 39. Qxd6+ Kh5 40. Qf6 Rh7 41. Qe5 fxg3 42. f3 Qf4 43. Qe8+ Kh4 44. Qe1 Kh5 45. Qe8+ Qf7 46. Qe4 Kh6 47. d6 Qxb3 48.
Kxg3 Rf7 49. Qg4 Qe3 50. Qh3+ Kg7 51. Qh5 Qf4+ 52. Kg2 g4 53. Qxg4+ Qxg4+ 0-1

[Event "Early-Titled-Tuesday-Blitz-October-10-2023"]
[Site "Chess.com"]
[Date "2023.10.10"]
[Round "6"]
[White "karwowskikacper"]
[Black "farzadbfd"]
[Result "1-0"]
[WhiteElo "2556"]
[BlackElo "2691"]
[TimeControl "180+1"]
[EndTime "9:05:15 PDT"]
[Termination "karwowskikacper won by resignation"]

1. e4 e5 2. Nf3 Nc6 3. d4 exd4 4. Nxd4 Bc5 5. Nb3 Bb4+ 6. Bd2 Bxd2+ 7. Qxd2 d6 8. Nc3 Be6 9. O-O-O Nf6 10. f3 O-O 11.
g4 a5 12. a4 Nb4 13. Nd4 Nd7 14. h3 Nc5 15. Kb1 Bd7 16. b3 Qe8 17. Bb5 c6 18.
Bc4 b5 19. axb5 a4 20. Nxc6 Bxc6 21. bxc6 Qd8 22. Nd5 Nxc6 23. Qc3 axb3 24. cxb3 Ne5 25. Rh2 Qb8 26. Rb2 Ra7 27. f4 Nc6 28. Kc2 Qb7 29. Re1 Rfa8 30. Re3 Ne6 31. f5 Ned4+ 32. Kd2 Ra1 33. Re1 Rxe1 34. Kxe1 Ra1+ 35. Kf2 Qa8 36. Ne7+ Nxe7 37. Qxd4 Rh1 38. Kg2 Re1 39. Re2 Rxe2+ 40.
Bxe2 h5 41. Bc4 g6 42. f6 Nc6 43. Qd5 Ne5 44. Qxa8+ 1-0

[Event "Early-Titled-Tuesday-Blitz-October-10-2023"]
[Site "Chess.com"]
[Date "2023.10.10"]
[Round "6"]
[White "Krlence"]
[Black "LangesNasenhaar"]
[Result "1-0"]
[WhiteElo "2451"]
[BlackElo "2546"]
[TimeControl "180+1"]
[EndTime "9:05:15 PDT"]
[Termination "Krlence won on time"]

1. e4 Nc6 2. Nf3 d6 3. Bc4 Nf6 4. d3 g6 5. h3 Bg7 6. O-O O-O 7. c3 d5 8. exd5 Nxd5 9. Re1 e5 10. Bb3 Bf5 11. Bc2 Re8 12. Na3 Nb6 13. Qe2 Qd7 14.
Be3 Rad8 15. Rad1 h6 16. Nh4 Be6 17. Bb3 Nd5 18. Bc1 Nf4 19. Bxf4 exf4 20. Qf1 Bxb3 21.
axb3 Qd5 22. b4 Qb3 23. Rxe8+ Rxe8 24. b5 Na5 25. Re1 Rd8 26. Qe2 Bf8 27. Nc4 Qxb5 28. Qe4 Nxc4 29. dxc4 Qc6 30. Qxf4 Bd6 31. Qg4 Bf8 32.
Nf3 Qf6 33. Qe4 c6 34. Qe2 Kg7 35. Rd1 Rxd1+ 36. Qxd1 Bc5 37. b4 Bd6 38. Qd3 Bc7 39.
c5 Qe6 40. Nd4 Qd5 41. c4 Qe5 42. g3 a5 43. Nf3 Qf6 44. bxa5 Bxa5 45. Qd7 Qxf3 46.
Qxb7 Be1 47. Qb2+ 1-0

[Event "Early-Titled-Tuesday-Blitz-October-10-2023"]
[Site "Chess.com"]
[Date "2023.10.10"]
[Round "6"]
[White "vladgoncharov"]
[Black "chessfatbear"]
[Result "1/2-1/2"]
[WhiteElo "2526"]
[BlackElo "2803"]
[TimeControl "180+1"]
[EndTime "9:05:16 PDT"]
[Termination "Game drawn by agreement"]

1. d4 Nf6 2. c4 g6 3. Nc3 d5 4. cxd5 Nxd5 5. e4 Nxc3 6. bxc3 Bg7 7. Nf3 c5 8. Bb5+ Nc6 9. O-O O-O 10. Bxc6 bxc6 11.
Qc2 Bg4 12. Ne5 Bxe5 13. dxe5 c4 14. f3 Qb6+ 15. Kh1 Be6 16. f4 f5 17. exf6 exf6 18. Rf3 Rad8 19. Be3 c5 20. Qf2 Rc8 21. f5 gxf5 22.
Bh6 Rf7 23. Rg3+ Kh8 24. exf5 Bd5 25. Re1 Qc6 26. h3 Be4 27. Kh2 Re8 28. Qf4 Qd5 29. Rge3 Rfe7 30. g4 Bh1 31. Kg3 Rxe3+ 32. Rxe3 Rxe3+ 33. Qxe3 Qd3 34. Kh4 Qxe3 35. Bxe3 Kg8 36. Bxc5 a6 37. Kh5 Bg2 38. Bd4 Kf7 39. Kh4 Bf1 40. Kg3 a5 41. a3 a4 42. h4 Bd3 43. Kf4 h6 44. Bc5 Bc2 45. Be3 Bd1 46. Kg3 Kg7 47. Bd4 Kf7 48. Kf4 Be2 49. g5 hxg5+ 50. hxg5 fxg5+ 51.
Kxg5 Bd1 52. Kf4 Bb3 53. Ke5 Ba2 54. Kd5 Bb3 55. Kc5 Ba2 56. Kd5 Bb3 57. Ke5 Ba2 58.
Bf2 Bb3 59. Bh4 Ba2 60. Kd4 Bb3 61. Kc5 Ba2 62. Kb4 Bb3 63. Kb5 Kg7 64. Be7 Kf7 65. f6 Ke6 66. Kc5 Kf7 67. Kd5 Ba2 68.
Kd4 Bb3 69. Kc5 Ba2 70. Kb4 Bb3 71. Kc5 Ke6 72. Kd4 1/2-1/2

[Event "Early-Titled-Tuesday-Blitz-October-10-2023"]
[Site "Chess.com"]
[Date "2023.10.10"]
[Round "6"]
[White "Agibileg"]
[Black "Herman-NY"]
[Result "1-0"]
[WhiteElo "2700"]
[BlackElo "2530"]
[TimeControl "180+1"]
[EndTime "9:05:17 PDT"]
[Termination "Agibileg won by resignation"]

1. d4 Nf6 2. c4 g6 3. Nc3 Bg7 4. e4 d6 5. Be2 O-O 6. Nf3 Nbd7 7. O-O e5 8. Be3 Ng4 9. Bg5 f6 10. Bh4 Nh6 11. d5 Nf7 12. b4 h5 13. h3 Bh6 14. Qc2 Ng5 15. c5 dxc5 16. bxc5 Nxc5 17.
Nxg5 Bxg5 18. Bxg5 fxg5 19. Nb5 b6 20. d6 cxd6 21.
Rad1 Rf6 22. Qd2 Ba6 23. Qxg5 Bxb5 24. Bxb5 Kg7 25. Bc6 Rc8 26. Bd5 Qf8 27. Qe3 Rf4 28. Rd2 h4 29. Rfd1 Qf6 30. f3 Rf8 31. Bc4 Rd8 32. Qa3 Qe7 33. Rd5 Rf6 34. Qb4 Rdf8 35. a4 Qc7 36. Bb5 a5 37. Qd2 Rd8 38. Qb2 Rdf8 39.
Qd2 Rd8 40. Qg5 Rf4 41. Rxe5 dxe5 42. Rxd8 Qf7 43. Qxe5+ Qf6 44. Qc7+ Kh6 45. Kh2 Rxf3 46. gxf3 Qxf3 47. Rh8+ Kg5 48. Qe5+ 1-0

[Event "Early-Titled-Tuesday-Blitz-October-10-2023"]
[Site "Chess.com"]
[Date "2023.10.10"]
[Round "6"]
[White "Haykoooo0o"]
[Black "Fh2411"]
[Result "1-0"]
[WhiteElo "2459"]
[BlackElo "2553"]
[TimeControl "180+1"]
[EndTime "9:05:17 PDT"]
[Termination "Haykoooo0o won on time"]

1. b3 d5 2. Bb2 Bf5 3. d3 e6 4. g3 Nd7 5. Bg2 Ngf6 6. Nf3 h6 7. O-O Be7 8. Nbd2 O-O 9. c4 c6 10.
a3 a5 11. Re1 Bh7 12. Rc1 Qb6 13.
cxd5 exd5 14. Qc2 Bc5 15. e3 Ng4 16. Qc3 Ngf6 17. Ne5 Nxe5 18. Qxe5 Rfe8 19. Qc3 Bf8 20. e4 dxe4 21. dxe4 a4 22. b4 Rad8 23. Rcd1 Qb5 24.
Bf1 Qh5 25. f3 Nd7 26. Bg2 Ne5 27. Nc4 Nxc4 28. Qxc4 Rxd1 29. Rxd1 Kh8 30. Rd7 f5 31. e5 f4 32. Qxf4 Qf5 33. Qxf5 Bxf5 34. Rxb7 Rd8 35. g4 Rd1+ 36. Kf2 Rd2+ 37. Kg3 Be6 38. Bc1 Rc2 39. Be3 Rc3 40. Kf2 Rc2+ 41. Kg1 Rc3 42. Bf2 Kh7 43. h4 Rxa3 44. f4 Ra1+ 45. Kh2 Rb1 46. Be4+ 1-0

[Event "Early-Titled-Tuesday-Blitz-October-10-2023"]
[Site "Chess.com"]
[Date "2023.10.10"]
[Round "6"]
[White "Semen_Khanin"]
[Black "dropstoneDP"]
[Result "0-1"]
[WhiteElo "2863"]
[BlackElo "3069"]
[TimeControl "180+1"]
[EndTime "9:05:19 PDT"]
[Termination "dropstoneDP won by checkmate"]

1. e4 e5 2. Nf3 Nf6 3. Nc3 Nc6 4. h3 d5 5. exd5 Nxd5 6. Bb5 Nxc3 7. bxc3 Bd6 8. d4 Bd7 9. O-O O-O 10. Rb1 Re8 11. Bg5 Qc8 12. Re1 exd4 13. cxd4 h6 14. Be3 Ne7 15.
Bxd7 Qxd7 16. Rxb7 Nd5 17. Rb3 Qa4 18. Qb1 a5 19. Bd2 Rxe1+ 20. Bxe1 Qc4 21. Rb8+ Rxb8 22. Qxb8+ Bf8 23. Qb3 Nb6 24. Bxa5 Qe2 25. Bxb6 Qd1+ 26. Kh2 cxb6 27. Ne5 Qxd4 28. Qxf7+ Kh7 29. f4 Bc5 30. Nf3 Qe4 31. Nh4 Qe3 32. Qf5+ Kg8 33. Nf3 Qf2 34.
h4 Be3 35. h5 Kh8 36. Kh3 Qf1 37. Kh2 Qc1 38. Qf8+ Kh7 39. Qf5+ Kh8 40. g3 Qf1 41. Qf8+ Kh7 42. Qf5+ Kh8 43. Qe4 Bc5 44. Ne5 Bg1+ 45.
Kh1 Bf2+ 46. Kh2 Qg1+ 47. Kh3 Qxg3# 0-1

[Event "Early-Titled-Tuesday-Blitz-October-10-2023"]
[Site "Chess.com"]
[Date "2023.10.10"]
[Round "6"]
[White "Mr_Lion22"]
[Black "Hilary46"]
[Result "0-1"]
[WhiteElo "2517"]
[BlackElo "2670"]
[TimeControl "180+1"]
[EndTime "9:05:19 PDT"]
[Termination "Hilary46 won on time"]

1. d4 d5 2. c4 e6 3. Nc3 c6 4. e4 dxe4 5. Nxe4 Bb4+ 6. Bd2 Qxd4 7. Bxb4 Qxe4+ 8. Be2 Na6 9. Ba5 b6 10. Qd6 Bd7 11. O-O-O O-O-O 12. Bc3 f6 13. Rd4 Qxg2 14. Bf3 Qg5+ 15. Rd2 Qc5 16. Qg3 g6 17. b3 e5 18.
Qh4 g5 19. Qh5 Ne7 20. Ne2 Ng6 21. Ng3 Nf4 22. Qh6 Qe7 23. Ne4 Rhf8 24. Rhd1 Kc7 25. Rd6 Ne6 26. Nxf6 Qxf6 27. Qxf6 Rxf6 28. Bxe5 Rxf3 29.
Rxd7+ Kc8 30. Rxh7 Rxd1+ 31. Kxd1 Rxf2 32. Rxa7 Nac7 33. a4 Rf5 34. Bg3 Rf3 35. a5 bxa5 36. Rxa5 Rxb3 37. Ke2 Nd4+ 38. Kd2 Nce6 39. Kc1 Rc3+ 40. Kd2 Rxc4 41. Kd3 Rb4 42. Ke4 Nb5+ 43. Ke5 Nec7 44. Kf5 g4 45. Kg5 Kb7 46. Ra1 c5 47. Rc1 Kc6 48.
Be1 Re4 49. Bf2 Ne6+ 50. Kf6 c4 51. Kf5 Nd6+ 0-1

[Event "Early-Titled-Tuesday-Blitz-October-10-2023"]
[Site "Chess.com"]
[Date "2023.10.10"]
[Round "6"]
[White "GeorgiosSouleidis"]
[Black "Barmen_EV"]
[Result "1-0"]
[WhiteElo "2651"]
[BlackElo "2493"]
[TimeControl "180+1"]
[EndTime "9:05:20 PDT"]
[Termination "GeorgiosSouleidis won by checkmate"]

1. e4 c5 2. Be2 g6 3. d3 Bg7 4. f4 d6 5. Nf3 Nh6 6. O-O O-O 7. c3 f5 8. Kh1 Nc6 9. h3 fxe4 10. dxe4 Be6 11.
Ng5 Qd7 12. Be3 Kh8 13. Nxe6 Qxe6 14. Nd2 d5 15. e5 d4 16. Bc4 Qd7 17. Bg1 Rad8 18.
Ne4 b6 19. g4 Qb7 20. Qe2 Na5 21. Ba6 Qd5 22. Qg2 d3 23. Ng5 c4 24. Qxd5 Rxd5 25. Ne6 Rb8 26. b3 b5 27. bxc4 bxc4 28. Rab1 Rxb1 29.
Rxb1 d2 30. Rd1 Nf7 31. Nxg7 Kxg7 32. Be3 Nc6 33. Rxd2 Ra5 34. Bb7 Ncd8 35. Bd5 e6 36. Bxc4 Ra4 37. Bb3 Ra3 38. Kg2 Ra5 39. Kf3 Nb7 40.
Ke4 Nfd8 41. Rd7+ Kf8 42. Rxh7 Nc6 43. Rxb7 Ke8 44. Bxe6 Kd8 45. Rd7+ Ke8 46. Rh7 Nd8 47. Bb3 Ra6 48. Bd4 g5 49. f5 Rc6 50. e6 a5 51. f6 a4 52. Rh8# 1-0

[Event "Early-Titled-Tuesday-Blitz-October-10-2023"]
[Site "Chess.com"]
[Date "2023.10.10"]
[Round "6"]
[White "Ishowmoves57"]
[Black "vedantgoswami"]
[Result "0-1"]
[WhiteElo "2176"]
[BlackElo "2384"]
[TimeControl "180+1"]
[EndTime "9:05:20 PDT"]
[Termination "vedantgoswami won by resignation"]

1. e4 c6 2. Nc3 d5 3. Nf3 g6 4. d4 dxe4 5. Nxe4 Bg7 6. c3 Bf5 7. Bd3 Bxe4 8. Bxe4 Nf6 9. Bd3 O-O 10. O-O Nbd7 11.
Bf4 Nd5 12. Bg3 Re8 13. Ne5 Nxe5 14. Bxe5 Bxe5 15. dxe5 Qb6 16. Qb3 Nf4 17. Rfd1 Red8 18. Bf1 e6 19. Qxb6 axb6 20. a3 g5 21. g3 Ng6 22.
Re1 Rd5 23. Rad1 Rad8 24. Rxd5 Rxd5 25. Bg2 Rxe5 26. Rd1 Re2 27. b4 Ra2 28. Rd8+ Kg7 29. Rb8 Rxa3 30. Rxb7 Rxc3 31. Rxb6 Rc1+ 32. Bf1 Ne5 33.
Kg2 g4 34. b5 cxb5 35. Rxb5 Kf6 36. Rb4 h5 37. Rf4+ Kg7 38. Be2 f5 39. Rd4 Rc2 40.
Kf1 Nf3 41. Bxf3 gxf3 42. Ke1 Re2+ 43. Kf1 e5 44. Rd7+ Kg6 45. h4 e4 46. Rd6+ Kf7 47. Rd7+ Ke6 48. Ra7 Rb2 49. Ke1 Rb1+ 50. Kd2 Rb2+ 51. Ke3 Re2+ 52. Kf4 Rxf2 53. Ra6+ Kd5 54.
Kxf5 e3 55. Ra5+ Kd4 56. Re5 e2 57. Kf4 Rf1 58. Re4+ Kd3 59. Re3+ Kd2 60. Rxf3 Rxf3+ 61. Kxf3 e1=Q 62. Kf4 Qe2 63. Kg5 Qg4+ 64. Kh6 Ke3 65. Kh7 Ke4 66. Kh8 Ke5 0-1

[Event "Early-Titled-Tuesday-Blitz-October-10-2023"]
[Site "Chess.com"]
[Date "2023.10.10"]
[Round "6"]
[White "JesseFebruary"]
[Black "stepanosinovsky"]
[Result "0-1"]
[WhiteElo "2053"]
[BlackElo "2383"]
[TimeControl "180+1"]
[EndTime "9:05:24 PDT"]
[Termination "stepanosinovsky won on time"]

1. e4 e5 2. Nf3 Nc6 3. d4 exd4 4. Bc4 Nf6 5. O-O Bc5 6. e5 d5 7. exf6 dxc4 8. Re1+ Be6 9. fxg7 Rg8 10. Ng5 Qd5 11. Nxe6 fxe6 12. Nc3 Qf5 13. Ne4 O-O-O 14. Nxc5 Qxc5 15.
Qg4 d3 16. cxd3 cxd3 17. Bg5 Rxg7 18. Qxe6+ Rdd7 19. Bf6 Nd8 20. Bxd8 d2 21. Red1 Kxd8 22. Qf6+ Kc8 23. Rxd2 Rxd2 24. Qxg7 Qxf2+ 25. Kh1 b6 26. Qg4+ Kb8 27. Qg8+ Kb7 28. Rg1 Rxb2 29. Qd5+ Kc8 30. Qe6+ Kb7 31. Qd5+ Ka6 32. Qc4+ Ka5 33. Qc3+ Ka4 34. Qxc7 a5 35. Qc6+ b5 36. Qe4+ Ka3 37. Qe7+ Kxa2 38. Qxh7 a4 39. Qf7+ Ka3 40. Ra1+ Ra2 41.
Qe7+ b4 42. Rxa2+ Kxa2 43. h3 b3 44. Qb4 a3 45. Kh2 Qc2 0-1

[Event "Early-Titled-Tuesday-Blitz-October-10-2023"]
[Site "Chess.com"]
[Date "2023.10.10"]
[Round "6"]
[White "vladislavkovalev"]
[Black "SALVA-DALI"]
[Result "0-1"]
[WhiteElo "2882"]
[BlackElo "2770"]
[TimeControl "180+1"]
[EndTime "9:05:25 PDT"]
[Termination "SALVA-DALI won by resignation"]

1. e4 c5 2. Nf3 Nc6 3. Bb5 e6 4. Bxc6 bxc6 5. O-O Ne7 6. Re1 d6 7. e5 Ng6 8. d3 dxe5 9. Nxe5 Bd6 10. Nc4 Bc7 11.
Nc3 O-O 12. Be3 Qh4 13. g3 Qh3 14. Qf3 Rb8 15. Qg2 Qf5 16. Ne4 e5 17. Ned6 Bxd6 18. Nxd6 Qe6 19. Nc4 Qd5 20. b3 Bg4 21. Bd2 Bf3 22.
Qh3 f5 23. Bc3 Rbe8 24. Re3 f4 25. gxf4 Rxf4 26. Kf1 e4 27. Rae1 Ref8 28. dxe4 Bxe4 29. Qg3 Rxf2+ 30. Qxf2 Rxf2+ 31. Kxf2 Qf5+ 32. Ke2 Qd5 33. Rd1 Nf4+ 34. Kf2 Qxd1 35. Rxe4 Qxc2+ 36. Kf3 Nd5 37. Bb2 Qd3+ 38. Ne3 Nxe3 39. Rxe3 Qf5+ 40. Kg3 h5 41. h3 h4+ 42. Kg2 Qd5+ 43. Kf2 Qd2+ 44. Re2 Qf4+ 45.
Ke1 Qg3+ 46. Kd2 Qxh3 47. Bc3 Qd7+ 48. Kc2 h3 49. Be5 Qf5+ 50. Kd2 Qg5+ 51. Ke1 c4 52. bxc4 Qc1+ 53. Kf2 Qxc4 54. Bh2 Qf7+ 55. Kg3 Qg6+ 56. Kxh3 Qh5+ 0-1

[Event "Early-Titled-Tuesday-Blitz-October-10-2023"]
[Site "Chess.com"]
[Date "2023.10.10"]
[Round "6"]
[White "Ali_rastbod"]
[Black "remi04"]
[Result "1-0"]
[WhiteElo "2756"]
[BlackElo "2859"]
[TimeControl "180+1"]
[EndTime "9:05:25 PDT"]
[Termination "Ali_rastbod won by resignation"]

1. d4 d5 2. Nf3 Nf6 3. c3 Nbd7 4. Bf4 g6 5. h3 Bg7 6. e3 O-O 7. Be2 c5 8. O-O b6 9. b4 a5 10.
bxc5 bxc5 11. a4 Ne4 12. Nfd2 Nxd2 13. Qxd2 e5 14. Bh2 exd4 15. cxd4 cxd4 16. exd4 Qb6 17. Rd1 Nf6 18. Nc3 Bf5 19. Be5 Rfd8 20. g4 Ne4 21.
Nxe4 Bxe4 22. Bxg7 Kxg7 23. f3 Qc7 24. Kg2 Rab8 25.
fxe4 dxe4 26. Rac1 Qd6 27. Qxa5 Rb2 28. Rd2 Rdb8 29. Bb5 Qa3 30. Rcc2 Qf3+ 31. Kh2 Rb1 32. Rg2 Qf4+ 33. Rg3 e3 34. Qc7 Qxc7 35. Rxc7 Re1 36.
Re7 Rc8 37. Rgxe3 Rc2+ 38. Kg3 Rg1+ 39. Kf4 Kh6 40. Ke5 f5 41. gxf5 Rg5 42. Rf7 Rf2 43.
Kd6 gxf5 44. Re2 Rf4 45. Re6+ Rg6 46. d5 Rh4 47. Ke7 f4 48. Bd3 Rxe6+ 49. dxe6 Rxh3 50. Rxh7+ 1-0

[Event "Early-Titled-Tuesday-Blitz-October-10-2023"]
[Site "Chess.com"]
[Date "2023.10.10"]
[Round "6"]
[White "Zurability"]
[Black "Cambek64"]
[Result "1-0"]
[WhiteElo "2712"]
[BlackElo "2426"]
[TimeControl "180+1"]
[EndTime "9:05:27 PDT"]
[Termination "Zurability won on time"]

1. b4 e5 2. Bb2 f6 3. b5 a6 4.
a4 axb5 5. axb5 Rxa1 6. Bxa1 d5 7. e3 Bd6 8. c4 c6 9. bxc6 bxc6 10. cxd5 cxd5 11. Nc3 Ne7 12. Bb5+ Bd7 13. Qb3 Bxb5 14. Qxb5+ Qd7 15. Qb3 Qe6 16. Nge2 Nd7 17. d4 e4 18. O-O O-O 19. Nb5 Rb8 20. Qa4 Nc6 21. Bc3 Nb6 22. Qa6 Nc4 23. Nxd6 Qxd6 24. Nf4 g5 25. Nh5 Kf7 26.
Rc1 Kg6 27. Ng3 f5 28. Be1 h5 29.
h4 Rb6 30. Qc8 Ne7 31. Qh8 gxh4 32. Qxh5+ Kf6 33. Qxh4+ Ke6 34. Qh7 Rb8 35. Nxf5 Nxf5 36. Qg6+ Kd7 37. Qxf5+ Kc6 38. f3 Re8 39. f4 Rg8 40. Qh5 Qa3 41. Qh6+ Kd7 42. Qh7+ Kd6 43. Rxc4 dxc4 44. Qxg8 Qxe3+ 45. Bf2 Qc1+ 46. Kh2 e3 47. Bg3 e2 48. f5+ 1-0

[Event "Early-Titled-Tuesday-Blitz-October-10-2023"]
[Site "Chess.com"]
[Date "2023.10.10"]
[Round "6"]
[White "TregubovP"]
[Black "Smiechu"]
[Result "1/2-1/2"]
[WhiteElo "2582"]
[BlackElo "2489"]
[TimeControl "180+1"]
[EndTime "9:05:28 PDT"]
[Termination "Game drawn - insufficient material"]

1. e4 c5 2. Nf3 g6 3. c3 Bg7 4. d4 cxd4 5. cxd4 d5 6. e5 Nh6 7. Bb5+ Bd7 8. Bxd7+ Qxd7 9. O-O e6 10. Nc3 O-O 11. Bg5 Nf5 12. g4 Ne7 13. Qb3 Nbc6 14. Nb5 f6 15. exf6 Bxf6 16. Bxf6 Rxf6 17. Rae1 Raf8 18.
Ne5 Nxe5 19. dxe5 Rf3 20. Re3 Rxe3 21. fxe3 Rxf1+ 22. Kxf1 Nc6 23. Qc3 Qg7 24. Nd6 Qxe5 25. Qxe5 Nxe5 26. h3 b6 27. Ke2 Kf8 28. b3 Nc6 29.
Nb5 Ke7 30. Nc3 Kd6 31. Nb5+ Kc5 32. Nc7 Nd8 33. g5 Kd6 34. Nb5+ Ke5 35. Nxa7 Kf5 36. a4 Kxg5 37. Nc8 b5 38. axb5 Kf5 39. b6 Nc6 40. b7 Ke5 41. Nb6 Kd6 42. Na4 Kc7 43. Nc5 e5 44. Kd3 Na5 45. Kc3 Nxb7 46. Ne6+ Kd6 47.
Nf8 Nc5 48. Nxh7 Ne4+ 49. Kd3 Nf2+ 50. Ke2 Nxh3 51. b4 Kc6 52. Kf3 Ng1+ 53. Kg4 Ne2 54. Nf6 Nc3 55. Kg5 Kb5 56. Kxg6 Kxb4 57. Kf5 e4 58.
Nxd5+ Nxd5 59. Kxe4 Nxe3 1/2-1/2

[Event "Early-Titled-Tuesday-Blitz-October-10-2023"]
[Site "Chess.com"]
[Date "2023.10.10"]
[Round "6"]
[White "DonJuanEGenaro"]
[Black "deribas12345"]
[Result "1/2-1/2"]
[WhiteElo "1884"]
[BlackElo "2594"]
[TimeControl "180+1"]
[EndTime "9:05:29 PDT"]
[Termination "Game drawn - insufficient material"]

1. Nf3 c5 2. c3 Nf6 3. d4 d5 4.
Bf4 Nc6 5. e3 e6 6. Bd3 Bd6 7. Bg3 Bxg3 8. hxg3 h6 9. Nbd2 O-O 10.
Qe2 e5 11. Nxe5 Re8 12. Ndf3 Qc7 13. Nxc6 bxc6 14. Nh4 cxd4 15. cxd4 Bg4 16. Qc2 Rab8 17. Rc1 Qa5+ 18. Qc3 Qxa2 19. O-O Qxb2 20. Qxb2 Rxb2 21.
Rxc6 Ne4 22. f3 Nxg3 23. fxg4 Nxf1 24. Bxf1 Rxe3 25. Nf5 Re1 26. Rc8+ Kh7 27. Rc7 Rbb1 28. Ng3 Re3 29. Kf2 Rxg3 30. Kxg3 Rxf1 31. Rxa7 Rd1 32.
Rxf7 Rxd4 33. Rd7 Rd1 34. Kf3 d4 35. Ke4 Kg6 36. Kf4 d3 37. Rd6+ Kf7 38. Rd7+ Ke6 39. Rxg7 Re1 40. Rg6+ Ke7 41. Rg7+ Kd6 42. Rg6+ Re6 43.
Rxe6+ Kxe6 44. Ke3 Ke5 45. Kxd3 Kf4 46. Ke2 Kg3 47. Kf1 Kxg4 48. Kf2 Kf4 49. g3+ Kg4 50.
Kg2 h5 51. Kf2 Kh3 52. Kf3 Kh2 53. Kf2 Kh3 54. Kf3 Kh2 55. Kf4 Kg2 56. Kg5 Kxg3 57. Kxh5 1/2-1/2

[Event "Early-Titled-Tuesday-Blitz-October-10-2023"]
[Site "Chess.com"]
[Date "2023.10.10"]
[Round "6"]
[White "PatzerSmashers"]
[Black "Alphafischer2019"]
[Result "1-0"]
[WhiteElo "2429"]
[BlackElo "2570"]
[TimeControl "180+1"]
[EndTime "9:05:29 PDT"]
[Termination "PatzerSmashers won by resignation"]

1. d4 Nf6 2. c4 b6 3. f3 Nc6 4. e4 e5 5. d5 Ne7 6. Nc3 Ng6 7. a3 a5 8. Be3 Bc5 9. Qd2 Bxe3 10.
Qxe3 d6 11. Nge2 O-O 12. g3 Nd7 13. h4 Nc5 14. h5 Nh8 15. g4 f6 16. Ng3 Nf7 17.
Nf5 h6 18. Be2 Bxf5 19. gxf5 Nb3 20. Rd1 Nd4 21. Kf2 Ng5 22. Rdg1 Qe7 23. Bd1 Rab8 24.
Ba4 Ndxf3 25. Rg3 Nd4 26. Kg2 Kh8 27. Qd2 Rfc8 28. Bc6 Qf7 29. Qd3 Rf8 30. Nb5 Nxb5 31. cxb5 Qe7 32. Qc4 Kg8 33. a4 Kf7 34. b3 Rh8 35.
Kf2 Kf8 36. Qe2 g6 37. hxg6 Kg7 38. Rh5 Qf8 39. Rg1 Kg8 40. Ke3 Qg7 41. Rgh1 Kf8 42.
Qf2 Kg8 43. Qh4 Kf8 44. Rxh6 Rxh6 45. Qxh6 Qxh6 46. Rxh6 Kg7 47. Rh5 Rd8 48. Rh1 Kg8 49.
Rh4 Kg7 50. Rh2 Rh8 51. Rxh8 Kxh8 52. Bd7 Kg7 53. Be6 Nh3 54. Bf7 Nf4 55. Be6 Ng2+ 56. Kf3 Ne1+ 57. Ke3 Nc2+ 58. Kd3 Nd4 59. Kc3 Kf8 60.
b4 axb4+ 61. Kxb4 Ne2 62. a5 Ng3 63. a6 Nxe4 64. a7 Kg7 65. a8=Q Nc5 66. Qg8+ Kh6 67. Qh7+ Kg5 68. g7 Kf4 69. g8=Q 1-0